 Dungeon Crawl Stone Soup version 0.28-a0-1485-g077359a4bf (webtiles) character file.

Game seed: 15145988734703425849

5013 kae the Transmogrifier (level 10, -2/84 (96) HPs)
             Began as a Yellow Draconian Transmuter on Jan 11, 2022.
             Was a Believer of Ru.
             Slain by a wight (7 damage)
             ... on level 8 of the Dungeon.
             The game lasted 00:06:05 (10880 turns).

kae the Transmogrifier (DrTm)                      Turns: 10880, Time: 00:06:06

HP:   -2/84 (96)    AC:  8    Str: 13    XL:     10   Next: 30%
MP:   0/19          EV: 11    Int: 17    God:    Ru [**....]
Gold: 346           SH:  0    Dex: 12    Spells: 13/21 levels left

rFire   x . .      SeeInvis +     - Unarmed
rCold   + + +      Faith    .   (shield currently unavailable)
rNeg    + . .      Spirit   +   (armour unavailable)
rPois   +          Reflect  .   (helmet currently unavailable)
rElec   .          Harm     .   (cloak currently unavailable)
rCorr   .          Rampage  .   (gloves currently unavailable)
Will    .....                   (boots currently unavailable)
Stlth   +.........              k - amulet of guardian spirit
HPRegen 0.24/turn               e - ring of see invisible
MPRegen 0.16/turn               o - ring of positive energy

@: ice-form, heavily drained
A: freezing attack, amphibious, boosted hp, (spit acid), AC +7, large, unfitting
armour, (cold-blooded), hated by all, (acid resistance)
a: End Transformation, Renounce Religion


You were on level 8 of the Dungeon.
You worshipped Ru.
Ru was pleased with you.
You were a creature of crystalline ice.
You visited 2 branches of the dungeon, and saw 9 of its levels.

You collected 346 gold pieces.

Inventory:

Missiles
 a - 3 throwing nets
Armour
 j - a +1 cloak (melded)
Jewellery
 e - a ring of see invisible (left front paw)
 k - an amulet of guardian spirit (around neck)
 o - a ring of positive energy (right front paw)
 s - a +6 ring of intelligence
Wands
 f - a wand of acid (5)
 h - a wand of iceblast (11)
 l - a wand of charming (6)
 u - a wand of paralysis (11)
Scrolls
 c - 3 scrolls of noise
 d - 2 scrolls of teleportation
 t - a scroll of vulnerability
 w - a scroll of enchant weapon
 x - a scroll of enchant armour
 y - a scroll of identify
Potions
 b - 2 potions of mutation
 g - a potion of flight
 i - 4 potions of curing
 m - a potion of haste {unknown}
 n - a potion of might {unknown}
 p - a potion of resistance {unknown}
 q - 2 potions of attraction {unknown}
 r - a potion of cancellation {unknown}
 v - a potion of degeneration {unknown}
 z - 2 potions of invisibility


   Skills:
 + Level 4.9 Fighting
 + Level 4.4 Dodging
 * Level 7.0 Unarmed Combat
 + Level 6.1 Spellcasting
 * Level 9.4 Transmutations
 - Level 5.0 Ice Magic
 - Level 1.0 Poison Magic


You had 13 spell levels left.
You knew the following spells:

 Your Spells              Type           Power      Damage    Failure   Level
a - Beastly Appendage     Tmut           74%        N/A       1%          1
b - Spider Form           Tmut/Pois      23%        N/A       4%          3
c - Ice Form              Ice/Tmut       29%        N/A       6%          4

Your spell library contained the following spells:

 Spells                   Type           Power      Damage    Failure   Level
 Wereblood                Tmut           37%        N/A       1%          2
 Frozen Ramparts          Ice            44%        1d6       4%          3
 Eringya's Noxious Bog    Tmut/Pois      11%        N/A       92%         6
 Orb of Destruction       Conj           2%         9d1       100%        7
 Summon Guardian Golem    Hex/Summ       Unusable   N/A       N/A         3
 Summon Ice Beast         Ice/Summ       Unusable   N/A       N/A         4
 Summon Forest            Summ/Tloc      Unusable   N/A       N/A         5
 Spellforged Servitor     Conj/Summ      Unusable   N/A       N/A         7
 Summon Hydra             Summ           Unusable   N/A       N/A         7

Dungeon Overview and Level Annotations

Branches:
Dungeon (8/15)             Temple (1/1) D:5
   Lair: D:8-11

Altars:
Ashenzari
Cheibriados
Elyvilon
Fedhas
Gozag
Hepliaklqana
Kikubaaqudgha
Makhleb
Nemelex Xobeh
Okawaru
Qazlal
Ru
Sif Muna
Trog
Uskayaw
Vehumet
Wu Jian
Xom
Yredelemnul
Zin
The Shining One

Shops:
D:1 [   D:7 *

Annotations:
D:8 Harold


Innate Abilities, Weirdness & Mutations

You are a creature of crystalline ice.
You have a powerful freezing melee attack.
You are amphibious.
Your maximum health is increased.
Your armour is entirely melded.
You are incapable of wielding weapons or throwing items.
((You can spit globs of acid.))
((Your golden yellow scales are hard. (AC +7)))
You cannot fit into any form of body armour.
((You are cold-blooded and may be slowed by cold attacks.))
You are hated by all.
((You are resistant to acid. (rCorr)))


Message History

The wight misses you.
You punch the wight!
You destroy the wight!
The wight stops glowing.
The wight hits you with a +0 falchion.
* * * LOW HITPOINT WARNING * * *
You hit the wight.
The wight is moderately damaged.
The wight hits you with a +0 falchion.
* * * LOW HITPOINT WARNING * * *
You partially resist.
You feel drained.
You hit the wight but do no damage.
The wight is moderately damaged.
You completely miss the wight.
The wight is moderately damaged.
The wight hits you but does no damage.
You hit the wight but do no damage.
The wight is moderately damaged.
The wight closely misses you.
You hit the wight but do no damage.
The wight is moderately damaged.
The wight hits you with a +0 falchion.
* * * LOW HITPOINT WARNING * * *
You hit the wight but do no damage.
The wight is moderately damaged.
The wight hits you with a +0 falchion!
* * * LOW HITPOINT WARNING * * *
You partially resist.
You feel drained.
* * * LOW HITPOINT WARNING * * *
You hit the wight but do no damage.
The wight is moderately damaged.
The wight hits you with a +0 falchion.
* * * LOW HITPOINT WARNING * * *
You partially resist.
You feel drained.
You completely miss the wight.
The wight is moderately damaged.
The wight closely misses you.
You hit the wight but do no damage.
The wight is moderately damaged.
The wight hits you with a +0 falchion!
You die...

≈..........P...
≈≈≈≈.
.............(. ....
#..............
...## #......#...###
...# #...#......#
... #..........# #.#
###.........#
###.####.?...###.###
#.)Y..)...#.###....(
#....z)......#.#
##....
#.....##.....####
##... #............#
###. .............#
## .......##.#.##
#...#.. #####
#######


You could see a wight.

Vanquished Creatures
  Pikel (D:7)
  A wyvern (D:8)
  5 yaks
  An acid dragon (D:7)
  2 water moccasins (D:7)
  Duvessa (D:7)
  A black bear (D:5)
  A necrophage (D:7)
  An ice beast (D:5)
  3 ogres
  3 centaurs
  3 phantoms
  A kobold brigand (D:7)
  A bullfrog (D:7)
  2 wyvern zombies
  2 scorpions
  A wyvern skeleton (D:6)
  Dowan (D:7)
  10 killer bees (D:8)
  3 wights (D:8)
  3 howler monkeys
  6 bullfrog zombies (D:6)
  2 centaur zombies
  2 jellies
  2 orc priests
  3 hounds
  3 centaur skeletons
  3 iguanas (D:6)
  2 orc wizards
  6 killer bee zombies
  A howler monkey zombie (D:6)
  3 gnolls (D:2)
  10 adders
  2 shadow imps (D:7)
  2 white imps (D:6)
  An adder skeleton (D:4)
  5 worms
  2 dart slugs
  19 orcs
  6 endoplasms
  2 giant cockroaches
  12 goblins
  3 hobgoblins
  2 jackals (D:2)
  16 kobolds
  2 quokkas
  9 ball pythons
  6 bats
  3 frilled lizards
  5 rats
187 creatures vanquished.

Vanquished Creatures (others)
  A centaur (D:7)
  6 fungi (D:8)
7 creatures vanquished.

Grand Total: 194 creatures vanquished

Notes
Turn   | Place    | Note
-------+----------+-------------------------------------------
     0 | D:1      | kae the Draconian Transmuter began the quest for the Orb.
     0 | D:1      | Reached XP level 1. HP: 16/16 MP: 3/3
   150 | D:1      | Reached XP level 2. HP: 23/23 MP: 5/5
   620 | D:1      | Found Tocs's Antique Armour Shoppe.
   655 | D:1      | Reached skill level 3 in Transmutations
  1017 | D:1      | Reached XP level 3. HP: 28/28 MP: 6/6
  1021 | D:1      | Learned a level 3 spell: Spider Form
  1221 | D:2      | Found a faded altar of an unknown god.
  1261 | D:2      | Identified the +1 ring mail "Qeeloi" {Int+7 Dex-2 Stlth+}
  1303 | D:2      | Reached skill level 1 in Poison Magic
  1418 | D:2      | Reached XP level 4. HP: 32/35 MP: 6/8
  1423 | D:2      | Learned a level 4 spell: Ice Form
  2458 | D:3      | Noticed a scorpion
  2470 | D:3      | Killed a scorpion
  2471 | D:3      | Reached skill level 4 in Transmutations
  2471 | D:3      | Reached skill level 1 in Ice Magic
  2471 | D:3      | Reached XP level 5. HP: 24/40 MP: 2/9
  3600 | D:3      | Reached XP level 6. HP: 47/47 MP: 8/10
  4318 | D:4      | Found an opulent altar of Gozag.
  4511 | D:4      | Reached skill level 5 in Transmutations
  4526 | D:4      | Your scales start taking on a golden yellow colour.
  4526 | D:4      | Reached XP level 7. HP: 43/52 MP: 5/12
  4526 | D:4      | Gained mutation: You are resistant to acid. (rCorr) [Yellow
                  | Draconian growth]
  4822 | D:4      | Found a hide-covered altar of Uskayaw.
  4822 | D:4      | Found a basalt altar of Yredelemnul.
  4937 | D:4      | Found an ornate altar of the Wu Jian Council.
  5042 | D:5      | Entered Level 5 of the Dungeon
  5086 | D:5      | Found a staircase to the Ecumenical Temple.
  5193 | Temple   | Entered the Ecumenical Temple
  5421 | Temple   | Became a worshipper of Ru the Awakened
  5469 | D:5      | Reached skill level 6 in Transmutations
  5713 | D:5      | Found a bloodstained altar of Trog.
  5717 | D:5      | Found a burning altar of Makhleb.
  5718 | D:5      | Found a stormy altar of Qazlal.
  5718 | D:5      | Found a blossoming altar of Fedhas.
  5720 | D:5      | Found a white marble altar of Elyvilon.
  5720 | D:5      | Found a glowing silver altar of Zin.
  5733 | D:5      | Reached skill level 5 in Ice Magic
  5733 | D:5      | Reached XP level 8. HP: 31/59 MP: 5/14
  6429 | D:6      | Reached skill level 7 in Transmutations
  7252 | D:6      | Reached skill level 5 in Spellcasting
  7663 | D:6      | Gained mutation: You are hated by all. [Ru sacrifice]
  7663 | D:6      | Reached * piety under Ru
  7663 | D:6      | Reached ** piety under Ru
  7865 | D:6      | Reached XP level 9. HP: 65/68 MP: 8/16
  8225 | D:7      | Found Sosuhih's Serpentskin Sales.
  8247 | D:7      | Reached skill level 8 in Transmutations
  8291 | D:7      | Noticed Pikel
  8292 | D:7      | Reached skill level 5 in Unarmed Combat
  8314 | D:7      | Killed Pikel
  8612 | D:7      | Noticed Duvessa
  8615 | D:7      | Noticed Dowan
  8622 | D:7      | Killed Duvessa
  8630 | D:7      | Killed Dowan
  9159 | D:8      | Noticed Harold
  9572 | D:8      | Found a sparkling altar of Nemelex Xobeh.
  9653 | D:8      | Reached skill level 9 in Transmutations
  9762 | D:8      | Reached XP level 10. HP: 50/80 MP: 8/18
 10878 | D:8      | HP: 4/85 [wight (3)]
 10880 | D:8      | Slain by a wight

Illustrated notes

Levels and vault maps discovered:
D:1:      minmay_arrival_hallway, layout_loops_ring, serial_shops,
          nicolae_shop_advertising_works [nicolae_subvault_shop_adworks]
D:2:      layout_loops_ring, basic_ecumenical_altar, minivault_11,
          solitary_fountain, minmay_misc_feat_ornament, minmay_tromino_v4_c
D:3:      minmay_general_purpose_star, layout_loops_ring
D:4:      layout_rooms, nicolae_gozag_seed_capital, nzn_wu_jian_contemplation,
          gammafunk_temple_overflow_elements
D:5:      layout_rooms, grunt_temple_overflow_open, temple_doors_e
D:6:      layout_cave_pools, serial_undead, serial_undead_e, serial_undead_f,
          serial_undead_f, serial_undead_e, serial_undead_f, serial_undead_d,
          feat_on_display
D:7:      layout_loops_ring, guppyfry_shop_venom, uniq_duvessa, uniq_pikel
D:8:      layout_cave_pools, mainiacjoe_overflow_boulevard,
          minmay_manual_mullet, uniq_harold
Temple:   jpeg_temple_alley_garden

Skill      XL: |  1  2  3  4  5  6  7  8  9 10 |
---------------+-------------------------------+-----
Transmutations | 3 4 5 6 7 9 |  9.4
Poison Magic   | 1 |  1.0
Spellcasting   | 3 4 5 6 |  6.1
Ice Magic      | 1 2 3 5 |  5.0
Dodging        | 2 4 |  4.4
Fighting       | 2 4 |  4.9
Unarmed Combat | 4 6 7 |  7.0

Action                   |  1- 3 |  4- 6 |  7- 9 | 10-12 || total
-------------------------+-------+-------+-------+-------++-------
Melee: Unarmed           |    90 |   204 |   313 |    80 ||   687
       Kick              |    10 |    28 |       |       ||    38
       Headbutt          |     5 |    16 |       |       ||    21
       Punch             |     1 |     2 |       |       ||     3
       Tailslap          |       |    27 |     4 |       ||    31
 Cast: Beastly Appendage |    16 |    30 |       |       ||    46
       Spider Form       |     1 |     4 |     3 |       ||     8
       Ice Form          |       |     1 |    35 |     8 ||    44
Invok: Sacrifice Love    |       |       |     1 |       ||     1
 Abil: Breathe Acid      |       |       |     1 |       ||     1
  Use: Scroll            |       |     6 |     5 |     2 ||    13
       Potion            |       |       |       |     1 ||     1
Armor: Skin              |    18 |    59 |   142 |    30 ||   249
Dodge: Dodged            |    55 |   140 |   201 |    93 ||   489

Table legend: (Time is in decaauts)
 A = Elapsed time spent in this place.
 B = Non-inter-level travel time spent in this place.
 C = Inter-level travel time spent in this place.
 D = Time resting spent in this place.
 E = Time spent auto-exploring this place.
 F = Levels seen in this place.
 G = Mean time per level.
                   A        B        C        D        E       F      G
               +--------+--------+--------+--------+--------+-----+--------+
         Total |  10838 |  10426 |    412 |    593 |   8334 |   9 | 1204.2 |
       Dungeon |  10576 |  10247 |    329 |    593 |   8162 |   8 | 1322.0 |
        Temple |    261 |    178 |     83 |      0 |    172 |   1 |  261.0 |
               +--------+--------+--------+--------+--------+-----+--------+

Top non-repeatable levels by time:
     D:7: 1969 daAuts
     D:3: 1649 daAuts
     D:6: 1358 daAuts
     D:5: 1265 daAuts
     D:1: 1218 daAuts
     D:2: 1131 daAuts
     D:4: 1026 daAuts
     D:8: 958 daAuts
  Temple: 261 daAuts
